 Dungeon Crawl Stone Soup version 0.22.1-2-g9c5b331383 (webtiles) character file.

102 Jerry the Skirmisher (level 4, -4/37 HPs)
             Began as a Demonspawn Fighter on Dec 19, 2018.
             Slain by an orc
             ... wielding a +2 whip of electrocution
              (18 damage)
             ... on level 3 of the Dungeon.
             The game lasted 00:06:21 (2336 turns).

Jerry the Skirmisher (Demonspawn Fighter)           Turns: 2336, Time: 00:06:22

Health: -4/37      AC: 16    Str: 17    XL:     4   Next: 50%
Magic:  4/4        EV:  9    Int:  9    God:
Gold:   123        SH:  0    Dex: 13    Spells: 3/3 levels left

rFire    . . .     SeeInvis .   a - +0 flail
rCold    . . .     Gourm    .   (no shield)
rNeg     . . .     Faith    .   b - +0 scale mail
rPois    .         Spirit   .   m - +1 helmet
rElec    .         Reflect  .   (no cloak)
rCorr    .         Harm     .   (no gloves)
MR       .....                  i - +0 pair of boots
Stlth    ++........             (no amulet)
HPRegen  0.12/turn              (no ring)
MPRegen  0.09/turn              (no ring)

@: sanguine armour
A: nightstalker 2, sanguine armour 1
a: no special abilities


You were on level 3 of the Dungeon.
You were not hungry.

You visited 1 branch of the dungeon, and saw 3 of its levels.

You collected 123 gold pieces.

Inventory:

Hand Weapons
 a - a +0 flail (weapon)
Armour
 b - a +0 scale mail (worn)
 c - a +0 shield
 h - a +1 hat
 i - a +0 pair of boots (worn)
 m - a +1 helmet (worn)
Jewellery
 p - a cursed amulet of inaccuracy {unknown}
Scrolls
 e - a scroll of enchant armour {unknown}
 j - 3 scrolls of remove curse {unknown}
 l - a scroll of teleportation {unknown}
 n - a scroll of immolation {unknown}
 q - 3 scrolls of identify {unknown}
 r - 2 scrolls of amnesia {unknown}
 t - a scroll of fog {unknown}
Potions
 d - 2 potions of might
 g - a potion of heal wounds {unknown}
 k - a potion of brilliance {unknown}
 o - a potion of lignification {unknown}
Comestibles
 f - 5 rations
 s - 5 chunks of flesh


   Skills:
 + Level 3.6 Fighting
 * Level 3.3 Maces & Flails
 + Level 3.3 Armour
 - Level 2.6 Shields


You had 3 spell levels left.
You didn't know any spells.
Your spell library was empty.

Dungeon Overview and Level Annotations

Branches:
Dungeon (3/15)

Altars:


Innate Abilities, Weirdness & Mutations

You are significantly more attuned to the shadows.
When seriously injured, your bleeding wounds create armour. (AC +6)


Message History

You see here a club.
Found a ring mail.
You see here a ring mail.
An orc comes into view. It is wielding a whip of electrocution.
The orc barely misses you.
Your scale mail prevents you from hitting the orc.
The orc hits you with a whip of electrocution.
You hit the orc but do no damage.
The orc hits you with a whip of electrocution.
You are electrocuted!
Ouch! That really hurt!
Your blood congeals into armour.
You are too injured to fight recklessly!
You are too injured to fight recklessly!
You are too injured to fight recklessly!
You are too injured to fight recklessly!
You hit the orc.
The orc is moderately wounded.
The orc hits you but does no damage.
You are electrocuted!
You die...

#.## #.# #.# .#...#.
#.# ......# #.# #
...#.# # #.# #.
#.##.# .# #.#
#..##.##.##.# #<#
#..o@.......###.####
##.##..............##
.. ####.#.....<##...
## #[############ #.#
#.# #.#########
#.........#
#.#######.####


You could see an orc.

Vanquished Creatures
  4 adders
  4 worms
  A dart slug (D:2)
  2 leopard geckos
  An orc (D:3)
  7 bats
  2 giant cockroaches
  5 goblins
  5 hobgoblins
  3 jackals (D:1)
  A quokka (D:3)
  A ball python (D:3)
  6 frilled lizards
  6 kobolds
  5 rats
53 creatures vanquished.

Notes
Turn   | Place    | Note
-------+----------+-------------------------------------------
     0 | D:1      | Jerry the Demonspawn Fighter began the quest for the Orb.
     0 | D:1      | Reached XP level 1. HP: 18/18 MP: 1/1
    30 | D:1      | Gained mutation: You are slightly more attuned to the
                  | shadows. [demonic ancestry]
    30 | D:1      | Reached XP level 2. HP: 14/24 MP: 2/2
   410 | D:1      | You fall through a shaft!
   861 | D:2      | Gained mutation: When seriously injured, your bleeding
                  | wounds create armour. (AC +6) [demonic ancestry]
   861 | D:2      | Reached XP level 3. HP: 26/29 MP: 3/3
  1570 | D:3      | Gained mutation: You are significantly more attuned to the
                  | shadows. [demonic ancestry]
  1570 | D:3      | Reached XP level 4. HP: 11/35 MP: 4/4
  2336 | D:3      | Slain by an orc

Skill      XL: |  1  2  3 |
---------------+----------+-----
Maces & Flails | 2 3 |  3.3
Armour         | 3 |  3.3
Fighting       | |  3.6
Shields        | |  2.6

Action                   |  1- 3 |  4- 6 || total
-------------------------+-------+-------++-------
Melee: Flail             |   143 |    56 ||   199
 Stab: Sleeping          |     1 |     3 ||     4
  Eat: Chunk             |     2 |     3 ||     5
Armor: Scale mail        |   106 |    16 ||   122
Dodge: Dodged            |   100 |    30 ||   130
